 Dungeon Crawl Stone Soup version 0.30.0-3-ga4e48a9924 (webtiles) character file.

Game seed: 14162659138070781858

7 browni3141 the Conjurer (level 2, -1/22 HPs)
             Began as a Ghoul Conjurer on May 7, 2023.
             Slain by a gnoll
             ... wielding a +0 whip
              (6 damage)
             ... on level 1 of the Dungeon.
             The game lasted 00:01:29 (369 turns).

browni3141 the Conjurer (Ghoul Conjurer)             Turns: 369, Time: 00:01:30

Health: -1/22      AC:  2    Str: 10    XL:     2   Next: 0%
Magic:  1/4        EV: 11    Int: 13    God:
Gold:   24         SH:  0    Dex:  7    Spells: 4/5 levels left

rFire   . . .        (no weapon)
rCold   + . .        (no shield)
rNeg    + + +        a - +0 robe
rPois   ∞            (no helmet)
rElec   .            (no cloak)
rCorr   .            (no gloves)
SInv    .            (no boots)
Will    +....        (no amulet)
Stlth   ++           p - ring of willpower
HPRegen 0.00/turn    (no ring)
MPRegen 0.09/turn

%: no passive effects
@: inhibited regen
A: claws 1, cold resistance 1, negative energy resistance 3, inhibited
regeneration, torment resistance 2, devour on kill
a: no special abilities


You were on level 1 of the Dungeon.
You visited 1 branch of the dungeon, and saw 1 of its levels.

You collected 24 gold pieces.

Inventory:

Armour
 a - a +0 robe (worn)
Jewellery
 p - a ring of willpower (left claw)
Potions
 m - a potion of magic
 n - 2 potions of curing {unknown}
 o - a potion of heal wounds {unknown}


   Skills:
 + Level 0.3 Fighting
 - Level 1.7 Dodging
 * Level 2.5 Stealth
 + Level 0.3 Unarmed Combat
 * Level 2.0 Spellcasting
 - Level 3.2 Conjurations


You had 4 spell levels left.
You knew the following spells:

 Your Spells              Type           Power      Damage    Failure   Level
a - Magic Dart            Conj           36%        1d4       7%          1

Your spell library contained the following spells:

 Spells                   Type           Power      Damage    Failure   Level
 Searing Ray              Conj           18%        2d5       10%         2
 Dazzling Flash           Conj/Hex       10%        N/A       36%         3
 Fulminant Prism          Conj/Hex       2%         3d5       78%         4
 Iskenderun's Mystic Bla  Conj/Tloc      5%         2d3       78%         4


Dungeon Overview and Level Annotations

Branches:
Dungeon (1/15)

Altars:


Innate Abilities, Weirdness & Mutations

You are immune to poison.
You have sharp fingernails.
Your flesh is cold resistant. (rC+)
You are immune to negative energy. (rN+++)
You do not regenerate when monsters are visible.
You are immune to unholy pain and torment.
You thrive by killing the living.


Message History

You kill the bat!
Your magical contamination has completely faded away.
A bat comes into view.
A bat is nearby!
The bat hits you but does no damage.
The magic dart hits the bat but does no damage.
The bat hits you but does no damage.
You miscast Magic Dart.
You are very lightly contaminated with residual magic.
Nothing appears to happen.
The bat closely misses you. The bat hits you but does no damage.
You see here a bat corpse.
You barely miss the bat. The bat closely misses you.
You scratch the bat.
The bat is moderately wounded.
The bat barely misses you. The bat hits you.
You barely miss the bat.
The bat is moderately wounded.
The bat barely misses you. The bat hits you.
You scratch the bat.
The bat is severely wounded.
The bat closely misses you.
Your magical contamination has completely faded away.
You closely miss the bat.
The bat is severely wounded.
The bat hits you. The bat barely misses you. The bat closely misses you.
You barely miss the bat.
The bat is moderately wounded.
The bat misses you.
You scratch the bat.
The bat is severely wounded.
The bat barely misses you.
You scratch the bat.
You kill the bat!
You feel better.
No target in view!
HP restored.
n - 2 dark potions (gained 1)
p - a ring of willpower
p - a ring of willpower (left claw)
A kobold comes into view. It is wielding a +0 dagger.
A kobold is nearby!
A kobold is nearby!
A kobold is nearby!
The magic dart hits the kobold.
The kobold is severely wounded.
You miscast Magic Dart.
You are very lightly contaminated with residual magic.
Nothing appears to happen.
The kobold closely misses you.
You closely miss the kobold.
The kobold is severely wounded.
The kobold barely misses you.
You scratch the kobold.
You kill the kobold!
Your Spellcasting skill increases to level 2!
You have reached level 2!
Your magical contamination has completely faded away.
You see here a +0 dagger.
A gnoll comes into view. It is wielding a +0 whip.
A gnoll is nearby!
A gnoll is nearby!
A gnoll is nearby!
The magic dart hits the gnoll.
The gnoll is lightly wounded.
The gnoll shouts!
The magic dart hits the gnoll.
The gnoll is moderately wounded.
The magic dart hits the gnoll but does no damage.
The gnoll is moderately wounded.
The magic dart hits the gnoll but does no damage.
The gnoll is moderately wounded.
Things that are here:
a +0 whip; 3 stones
Things that are here:
a +0 short sword; a kobold corpse
There is an open door here.
You open the door.
A kobold and an endoplasm come into view.
There is an open door here.
The magic dart hits the gnoll.
The gnoll is moderately wounded.
The magic dart hits the gnoll but does no damage.
The gnoll is moderately wounded.
The kobold shouts!
The gnoll hits you with a +0 whip!
The magic dart hits the gnoll.
The gnoll is heavily wounded.
The gnoll hits you with a +0 whip.
You closely miss the gnoll.
The gnoll is heavily wounded.
The kobold throws a stone.
The stone hits you. The gnoll hits you with a +0 whip.
* * * LOW HITPOINT WARNING * * *
You scratch the gnoll.
The gnoll is severely wounded.
The gnoll hits you with a +0 whip.
You die...

... #..# #.#.# #......
..#. .##.#####'#####.###
.... .#.[##PP#.#PP##.# #
........##P.P#.#~~P### #
..J..#.##P...#.#~~~P####
. .....#PP...#.#~~~~P#..
...#...#PP...#.#~~~~P##.
......^#######.########.
#..@g.....<......+..
#...#######.#########
#.).#P~~~~#.#...PP#
.K...#P~~~~#.#..P.P#
#......##P~~~#.#...P##
.....## ##P~~#.#..P##
####. ##PP#.#PP## ##
####+####


You could see a gnoll, an endoplasm and a kobold.

Vanquished Creatures
  2 bats (D:1)
  4 kobolds (D:1)
  A rat (D:1)
7 creatures vanquished.

Notes
Turn   | Place    | Note
-------+----------+-------------------------------------------
     0 | D:1      | browni3141 the Ghoul Conjurer began the quest for the Orb.
     0 | D:1      | Reached XP level 1. HP: 14/14 MP: 2/2
   267 | D:1      | Reached XP level 2. HP: 22/22 MP: 0/4
   369 | D:1      | Slain by a gnoll

Illustrated notes

Levels and vault maps discovered:
D:1:      psy_arrival_terrarium, layout_rooms, hangedman_glass_teeth

Skill      XL: |  1 |
---------------+----+-----
Spellcasting   | 2 |  2.0
Fighting       | |  0.3
Dodging        | |  1.7
Stealth        | |  2.5
Unarmed Combat | |  0.3
Conjurations   | |  3.2

Action                     || total
---------------------------++-------
  Melee: Unarmed           ||    14
   Cast: Magic Dart        ||    19
 Armour: Robe              ||     5
  Dodge: Dodged            ||    11
